 Dungeon Crawl Stone Soup version 0.17-a0-1378-g281efdd (webtiles) character file.

127 bal the Conjurer (level 5, -7/32 HPs)
             Began as an Octopode Conjurer on June 14, 2015.
             Mangled by a gnoll
             ... wielding a +0 spear
              (8 damage)
             ... on level 3 of the Dungeon.
             The game lasted 00:13:09 (2513 turns).

bal the Conjurer (Octopode Conjurer)                Turns: 2513, Time: 00:13:09

Health: -7/32      AC:  2    Str:  7    XL:     5   Next: 11%
Magic:  5/8        EV: 13    Int: 18    God:
Gold:   144        SH:  0    Dex: 17    Spells: 3 memorised, 1 level left

rFire  . . .     SeeInvis .     r - +2 dagger (speed)
rCold  . . .     Clarity  .     (no shield)
rNeg   . . .     SustAt   .     s - +1 hat
rPois  .         Gourm    .     (no amulet)
rElec  .         Spirit   .     n - +4 ring of dexterity
rCorr  .         Warding  .     (no ring)
rMut   .         Stasis   .     (no ring)
MR     .....                    (no ring)
Stlth  ++++......               (no ring)
                                (no ring)
                                (no ring)
                                (no ring)

@: not resistant to hostile enchantments, stealthy
A: almost no armour, amphibious, 8 rings, constrict 8, camouflage 1, gelatinous
body 1
a: no special abilities


You were on level 3 of the Dungeon.
You were not hungry.

You visited 1 branch of the dungeon, and saw 3 of its levels.

You collected 144 gold pieces.

Inventory:

Hand weapons
 e - a +0 dagger
 r - a +2 dagger of speed (weapon)
Missiles
 c - 11 poisoned needles
 m - 2 steel javelins (quivered)
Armour
 s - a +1 hat (worn)
Jewellery
 g - a cursed ring of teleportation {unknown}
 n - a +4 ring of dexterity (left tentacle)
Magical devices
 w - a wand of frost (25)
Scrolls
 d - a scroll of identify
 h - a scroll of recharging {unknown}
 p - a scroll of magic mapping {unknown}
 q - a scroll of teleportation {unknown}
 v - a scroll of amnesia {unknown}
Potions
 o - a potion of flight
 u - a potion of resistance {unknown}
Books
 a - a book of Conjurations

   Spells                             Type                      Level
   a - Magic Dart                     Conjuration                  1
   b - Searing Ray                    Conjuration                  2
   c - Dazzling Spray                 Conjuration/Hexes            3
   d - Fulminant Prism                Conjuration/Hexes            4
   e - Iskenderun's Mystic Blast      Conjuration                  4
   f - Iskenderun's Battlesphere      Conjuration/Charms           5
Comestibles
 f - 7 chunks of flesh
 i - 3 bread rations
 j - a royal jelly
 k - a meat ration
 l - a beef jerky
 t - 4 fruits


   Skills:
 + Level 0.4 Fighting
 + Level 3.0 Dodging
 + Level 4.6 Stealth
 + Level 2.2 Spellcasting
 + Level 4.8 Conjurations


You had one spell level left.
You knew the following spells:

 Your Spells              Type           Power        Failure   Level  Hunger
a - Magic Dart            Conj           ###.         2%          1    #......
b - Searing Ray           Conj           ###...       4%          2    ##.....
c - Iskenderun's Mystic   Conj           ###.....     28%         4    #####..


Dungeon Overview and Level Annotations

Branches:
Dungeon (3/15)

Altars:
Fedhas


Innate Abilities, Weirdness & Mutations

You cannot wear most types of armour.
You are amphibious.
You can wear up to eight rings at the same time.
You can use your tentacles to constrict eight enemies at once.
Your skin changes colour to match your surroundings (Stealth).
Your rubbery body absorbs attacks (AC +1).


Message History

The gnoll hits you but does no damage. x2
The gnoll hits you but does no damage. x2
Your transformation is almost over.
The gnoll hits you but does no damage. x2
The gnoll hits you but does no damage. x2
The gnoll hits you but does no damage. x2
The gnoll hits you but does no damage. The gnoll barely misses you.
The gnoll hits you but does no damage. x2
The gnoll hits you but does no damage.
The gnoll hits you but does no damage. x2
The gnoll hits you but does no damage. x2
The gnoll hits you but does no damage. x2
You feel less woody.
Your +1 hat unmelds from your body.
The gnoll hits you from afar with a spear!
* * * LOW HITPOINT WARNING * * *
The gnoll hits you from afar with a spear.
* * * LOW HITPOINT WARNING * * *
The gnoll hits you from afar with a spear!
You die...

####)#### #.##.##.# #†#
#.......# ##g## ###....##
#...# #......# #...#
#.#..#.#### #...#
#.#.......#
####...######.#..#.##.#
#=.........g##.#.##.##.#.
...........g)@..#.#......
#...........##......##
#####...########.#####.#
#...# #.....>.# #...#
#.####### #...# #.#######
##.# #........
.#########.....##.
......#......#.#


You could see 2 gnolls.

Vanquished Creatures
  2 gnolls (D:3)
  5 adders
  2 worms (D:2)
  3 giant geckos
  4 giant cockroaches
  9 hobgoblins
  5 kobolds
  8 bats
  2 giant newts
  8 goblins
  9 rats
57 creatures vanquished.

Notes
Turn   | Place    | Note
--------------------------------------------------------------
     0 | D:1      | bal the Octopode Conjurer began the quest for the Orb.
     0 | D:1      | Reached XP level 1. HP: 11/11 MP: 3/3
   458 | D:1      | Reached XP level 2. HP: 17/17 MP: 0/5
   462 | D:1      | Learned a level 2 spell: Searing Ray
  1124 | D:1      | Reached XP level 3. HP: 17/21 MP: 1/6
  1759 | D:2      | Reached XP level 4. HP: 20/27 MP: 2/7
  1868 | D:2      | Learned a level 4 spell: Iskenderun's Mystic Blast
  1912 | D:2      | Found a blossoming altar of Fedhas.
  2432 | D:3      | Found a blossoming altar of Fedhas.
  2463 | D:3      | Reached XP level 5. HP: 32/32 MP: 0/8
  2512 | D:3      | HP: 1/32 [gnoll/spear (1)]
  2513 | D:3      | Mangled by a gnoll

Vault maps used:
D:1:      dpeg_arrival_leaves_temple_mockup, hangedman_decor_lopped,
          st_stairs_10, hangedman_decor_slide_cut, minmay_door_square
D:2:      first_bread, fedhas_altar_fruit_tree
D:3:      lemuel_coloured_pillars_altar, grunt_gozag_statues,
          overflow_temple_1_default

Action                   |  1- 3 |  4- 6 || total
-------------------------+-------+-------++-------
Melee: Unarmed           |     5 |       ||     5
       Dagger            |    38 |    34 ||    72
Throw: Javelin           |     2 |       ||     2
 Cast: Magic Dart        |    26 |     7 ||    33
       Searing Ray       |    11 |     3 ||    14
       Iskenderun's Myst |       |     3 ||     3
  Use: Scroll            |     4 |       ||     4
       Potion            |     2 |     2 ||     4
 Stab: Sleeping          |     6 |     4 ||    10
  Eat: Bread ration      |     1 |       ||     1
       Fruit             |       |     5 ||     5
